Map: NeoHumanity LE

Players

Elazer - Winner!

  • Race: Zerg Zerg
  • Spawn Location: 11:00

herO

  • Race: Protoss Protoss
  • Spawn Location: 5:00

Event: ESL SC2 Masters 2023 Summer (Finals)

VOD

Have the link to the VOD?

Description

Time

  • Played on: June 16, 2023, 12:45 p.m.
  • Length: 18:25

All games in this series

Show
View Real Time Build Order
Export as new Build Order

Elazer Zerg - Winner!

Build Orders: Hatch First 

Get SALT Encoding   

  12  0:00  Drone  
  13  0:09  Drone  
  14  0:33  Hatchery  
  13  0:36  Drone  
  14  0:42  Extractor  
  14  0:43  Drone  
  15  0:53  Overlord  
  15  1:05  Spawning Pool  
  14  1:11  Drone  
  14  1:13  Drone  
  16  1:18  Drone  
  16  1:24  Drone  
  18  1:33  Drone  
  19  1:46  Drone  
  20  1:52  Queen x2  
  20  1:53  Zergling x2  
  25  1:57  Overlord  
  25  2:03  Drone  
  25  2:06  Drone  
  25  2:08  Drone  
  28  2:19  Drone x2  
  28  2:21  Extractor  
  29  2:28  Queen, Drone x2  
  33  2:40  Hatchery  
  32  2:44  Zergling x2  
  32  2:46  Overlord  
  35  2:58  Drone x2  
  33  3:06  Drone x4  
  33  3:09  Drone  
  33  3:11  Queen  
  40  3:18  Overlord  
  40  3:23  Zergling x4  
  42  3:31  Zergling x2  
  42  3:33  Overlord  
  43  3:38  Drone x2  
  43  3:40  Drone x2  
  46  3:41  Queen  
  46  3:45  Spore Crawler  
  46  3:46  Drone  
  48  3:52  Queen  
  48  3:53  Drone x2  
  52  3:58  Drone  
  53  4:04  Drone x4  
  53  4:06  Overlord  
  53  4:07  Metabolic Boost  
  57  4:13  Drone x3  
  57  4:16  Drone x2  
  62  4:20  Spore Crawler  
  62  4:21  Spore Crawler  
  60  4:27  Drone x4  
  63  4:41  Drone x5  
  65  4:46  Drone x2  
  65  4:49  Lair  
  65  4:50  Drone x3  
  70  4:53  Drone  
  70  4:57  Drone  
  70  4:58  Drone  
  73  5:00  Overlord  
  73  5:02  Extractor  
  73  5:03  Roach Warren  
  73  5:05  Extractor x2, Drone x2  
  71  5:09  Drone x2  
  73  5:14  Overlord  
  73  5:17  Evolution Chamber  
  73  5:18  Overlord  
  72  5:22  Drone x7  
  79  5:30  Extractor, Drone x2  
  79  5:33  Extractor  
  79  5:35  Drone x4  
  83  5:41  Overlord  
  83  5:42  Drone x3  
  86  5:51  Glial Reconstitution  
  86  5:54  Overlord  
  86  5:57  Roach x5  
  86  6:01  Zerg Missile Weapons Level 1  
  86  6:02  Overlord  
  86  6:03  Hatchery  
  97  6:04  Roach x2  
  99  6:11  Overlord  
  99  6:12  Roach x3  
  99  6:17  Roach x4  
  113  6:22  Overlord  
  113  6:23  Overlord  
  113  6:24  Roach  
  117  6:25  Roach  
  117  6:28  Roach x2  
  121  6:35  Spore Crawler  
  121  6:36  Spore Crawler  
  121  6:38  Roach x4  
  127  6:40  Overlord  
  127  6:41  Overlord  
  127  6:44  Overlord  
  127  6:47  Ravager x3  
  127  6:49  Roach x2  
  127  6:52  Roach x2  
  140  7:01  Roach x6  
  148  7:16  Roach x9  
  159  7:27  Roach x6  
  167  7:33  Roach x4  
  160  7:41  Roach x3  
  158  7:48  Roach x5  
  160  7:51  Queen x2  
  160  7:55  Overlord x2  
  160  7:57  Roach  
  166  7:59  Ravager x2  
  167  8:07  Overlord x2  
  167  8:13  Zergling x12  
  173  8:23  Zerg Melee Weapons Level 1  
  173  8:25  Roach x5  
  183  8:32  Zergling x6  
  186  8:42  Zergling x8  
  174  8:51  Roach x5  
  174  8:58  Roach  
  174  8:59  Roach x3  
  168  9:09  Zergling x22  
  173  9:16  Zergling x6  
  159  9:19  Drone x4  
  159  9:23  Drone  
  158  9:26  Drone  
  158  9:27  Baneling Nest  
  158  9:29  Drone  
  159  9:32  Ravager x3  
  159  9:33  Ravager x2  
  159  9:34  Ravager  
  159  9:35  Unknown, Drone x5  
  159  9:36  Hatchery  
  168  9:41  Zergling x2  
  168  9:42  Zergling x2  
  168  9:45  Overseer  
  167  9:47  Zergling x6  
  167  9:50  Overseer  
  170  9:55  Zergling x18  
  179  10:04  Zergling x12  
  185  10:11  Hatchery  
  185  10:12  Zergling x6  
  183  10:17  Centrifugal Hooks  
  183  10:18  Zerg Melee Weapons Level 2  
  183  10:22  Zergling x18  
  185  10:32  Zergling x18  
  190  10:41  Zergling x6  
  184  10:48  Roach x7  
  191  10:54  Zergling x4, Baneling  
  191  10:55  Baneling x15  
  187  10:59  Zergling x6  
  190  11:06  Zergling x6  
  190  11:08  Ravager  
  190  11:09  Ravager  
  190  11:10  Baneling x7  
  190  11:11  Baneling x29  
  194  11:13  Zergling x2  
  194  11:14  Zergling x4  
  194  11:18  Baneling x6  
  197  11:20  Zergling x4  
  199  11:32  Zergling x2  
  165  11:48  Roach x9  
  165  11:52  Zergling x38  
  194  12:00  Zergling x10  
  179  12:08  Zergling x14  
  175  12:13  Roach x7  
  177  12:21  Zergling x18  
  176  12:28  Zergling x14  
  182  12:30  Ravager  
  182  12:34  Baneling x11  
  183  12:37  Zergling x8  
  183  12:40  Baneling  
  183  12:41  Baneling x6  
  187  12:46  Baneling x11  
  186  12:53  Zergling x16  
  186  12:57  Zergling x8  
  193  13:17  Baneling x43  
  193  13:24  Zergling x12  
  184  13:51  Roach x8  
  186  13:56  Zergling x34  
  189  14:06  Roach x8  
  186  14:13  Roach  
  186  14:14  Roach x7  
  177  14:18  Baneling x8  
  177  14:20  Ravager  
  177  14:21  Roach x2  
  168  14:32  Zergling x22  
  168  14:34  Zergling x2  
  146  14:41  Roach  
  146  14:42  Roach x3  
  121  14:46  Roach x6  
  121  14:51  Roach x3  
  126  14:55  Zergling x8  
  121  15:03  Zergling x16  
  121  15:06  Zergling x6  
  131  15:07  Ravager x5  
  131  15:09  Ravager x4  
  140  15:17  Drone x7  
  147  15:25  Zergling x10  
  152  15:35  Zergling x8  
  152  15:36  Overseer  
  152  15:38  Pneumatized Carapace  
  149  15:44  Zergling x2  
  149  15:45  Zergling x8  
  153  15:52  Zergling x16  
  148  16:01  Overseer  
  148  16:04  Hatchery  
  148  16:05  Queen  
  148  16:06  Roach x3  
  148  16:07  Roach x3  
  161  16:15  Roach x6  
  173  16:29  Zergling x16  
  173  16:32  Zergling x4  
  173  16:35  Zergling x14  
  173  16:36  Baneling x2  
  180  16:43  Zergling x12  
  182  16:50  Zergling x4  
  184  17:01  Hatchery  
  182  17:02  Zergling x22  
  182  17:04  Baneling x13  
  193  17:10  Zergling x10  
  198  17:20  Drone  
  199  17:27  Zergling x2  
  200  17:32  Baneling x17  
  200  17:37  Baneling x19  
  196  18:03  Zergling x14  
Show
View Real Time Build Order
Export as new Build Order

herO Protoss 

Build Orders: 1 Gate Expand, Oracle Opening 

Get SALT Encoding   

  12  0:00  Probe  
  13  0:12  Probe  
  14  0:18  Pylon  
  14  0:24  Probe (Chrono Boost)  
  15  0:37  Probe (Chrono Boost)  
  15  0:40  Gateway  
  16  0:43  Probe (Chrono Boost)  
  17  0:50  Assimilator  
  17  0:52  Probe  
  18  1:05  Probe  
  19  1:17  Probe  
  20  1:27  Nexus  
  20  1:37  Cybernetics Core  
  20  1:40  Probe  
  21  1:47  Assimilator  
  21  1:52  Probe  
  22  1:56  Pylon  
  22  2:04  Probe  
  23  2:11  Adept (Chrono Boost)  
  25  2:17  Probe  
  25  2:18  Stargate  
  26  2:26  Warp Gate  
  26  2:29  Probe (Chrono Boost)  
  27  2:33  Adept  
  29  2:39  Probe (Chrono Boost)  
  31  2:47  Probe (Chrono Boost)  
  31  2:48  Probe (Chrono Boost), Pylon  
  32  2:53  Probe x2 (Chrono Boost)  
  34  3:03  Adept, Oracle (Chrono Boost)  
  36  3:08  Probe x2  
  41  3:20  Probe x2  
  43  3:31  Oracle (Chrono Boost)  
  46  3:40  Nexus  
  46  3:48  Pylon  
  46  3:54  Twilight Council  
  46  3:56  Forge  
  46  4:01  Pylon  
  46  4:06  Probe x2, Assimilator  
  48  4:10  Assimilator  
  48  4:15  Gateway  
  48  4:18  Probe x2  
  50  4:29  Adept  
  50  4:30  Blink (Chrono Boost)  
  52  4:33  Probe x2 (Chrono Boost)  
  52  4:45  Probe x2 (Chrono Boost)  
  52  4:46  Protoss Ground Weapons Level 1 (Chrono Boost)  
  52  4:52  Adept  
  54  4:55  Probe x2 (Chrono Boost)  
  54  4:57  Probe (Chrono Boost)  
  54  4:58  Shield Battery  
  57  5:04  Probe (Chrono Boost)  
  57  5:05  Probe x2 (Chrono Boost)  
  60  5:07  Gateway  
  60  5:09  Probe (Chrono Boost)  
  60  5:12  Gateway  
  63  5:14  Probe x2 (Chrono Boost)  
  63  5:15  Gateway  
  63  5:18  Stalker  
  66  5:21  Probe (Chrono Boost)  
  66  5:22  Stalker  
  70  5:29  Probe x3 (Chrono Boost)  
  71  5:36  Probe  
  71  5:37  Probe  
  71  5:38  Probe  
  71  5:39  Gateway  
  71  5:41  Pylon  
  74  5:46  Stalker  
  76  5:50  Gateway  
  76  5:53  Probe, Pylon  
  77  5:59  Probe x2, Gateway  
  77  6:01  Gateway  
  77  6:03  Stalker  
  81  6:07  Photon Cannon  
  81  6:11  Stalker x2  
  85  6:14  Stalker  
  85  6:16  Charge  
  85  6:17  Pylon  
  87  6:27  Pylon  
  87  6:33  Stalker x2  
  87  6:38  Pylon, Stalker x3  
  97  6:42  Protoss Ground Armor Level 1 (Chrono Boost)  
  97  6:46  Pylon  
  97  6:54  Stalker x3  
  97  6:55  Stalker  
  97  6:56  Stalker  
  105  7:02  Stalker x3  
  111  7:13  Robotics Facility  
  111  7:14  Probe x3  
  114  7:26  Stalker x6  
  114  7:27  Zealot  
  118  7:37  Probe x2  
  118  7:38  Probe  
  114  7:45  Assimilator x2  
  114  7:49  Dark Shrine  
  110  7:55  Zealot x3  
  116  7:59  Pylon x2  
  116  8:02  Immortal  
  116  8:04  Pylon  
  116  8:11  Pylon  
  116  8:13  Pylon  
  116  8:16  Probe  
  117  8:23  Zealot x8  
  117  8:25  Zealot  
  132  8:27  Pylon  
  132  8:28  Pylon  
  132  8:31  Probe  
  133  8:38  Pylon  
  115  8:55  Zealot x8  
  119  8:59  Stalker  
  107  9:13  Probe x2  
  107  9:14  Probe  
  107  9:15  Immortal (Chrono Boost)  
  107  9:16  Dark Templar x3, Protoss Ground Weapons Level 2 (Chrono Boost)  
  107  9:17  Dark Templar x2  
  104  9:26  Pylon  
  104  9:30  Archon  
  104  9:31  Dark Templar x2, Archon, Sentry  
  104  9:32  Dark Templar  
  112  9:40  Archon  
  112  9:41  Archon  
  112  9:44  Pylon, Robotics Bay  
  112  9:50  Sentry x2  
  112  9:51  Immortal (Chrono Boost)  
  120  9:54  Sentry  
  120  9:55  Zealot x2, Shield Battery  
  126  10:04  Nexus  
  126  10:08  Shield Battery  
  124  10:20  Immortal (Chrono Boost)  
  126  10:23  Dark Templar x2  
  126  10:24  Zealot x2  
  126  10:28  Archon  
  134  10:30  Stalker, Sentry  
  134  10:31  Zealot x2  
  134  10:34  Pylon  
  140  10:40  Zealot  
  132  10:47  Stalker  
  132  10:49  Disruptor (Chrono Boost)  
  134  10:52  Probe x3  
  140  10:59  Shield Battery  
  140  11:04  Probe, Photon Cannon  
  140  11:05  Photon Cannon  
  141  11:13  Dark Templar  
  141  11:14  Disruptor (Chrono Boost), Dark Templar x2  
  141  11:16  Dark Templar, Assimilator  
  141  11:18  Assimilator  
  152  11:19  Archon  
  152  11:20  Archon  
  152  11:23  Probe x4  
  155  11:36  Stalker  
  155  11:37  Stalker x3  
  155  11:39  Pylon  
  163  11:45  Protoss Air Weapons Level 1  
  160  11:48  Stalker x2  
  160  11:50  Disruptor (Chrono Boost)  
  157  12:02  Probe x4  
  151  12:19  Disruptor (Chrono Boost)  
  151  12:22  Nexus  
  150  12:29  Zealot  
  151  12:30  Dark Templar x4  
  151  12:31  Zealot x3  
  151  12:34  Archon  
  151  12:35  Archon  
  165  12:39  Shield Battery  
  165  12:40  Shield Battery  
  165  12:42  Gateway, Photon Cannon  
  165  12:43  Photon Cannon  
  165  12:44  Gateway  
  165  12:45  Pylon x2  
  165  12:47  Nexus  
  165  12:48  Photon Cannon  
  165  12:50  Disruptor (Chrono Boost), Pylon  
  168  12:56  Fleet Beacon  
  168  12:58  Shield Battery  
  168  13:06  Stalker x4  
  159  13:16  Probe x4  
  159  13:18  Protoss Ground Weapons Level 3 (Chrono Boost)  
  163  13:27  Zealot, Dark Templar x2  
  163  13:32  Archon  
  169  13:37  Disruptor  
  145  13:59  Stalker x7  
  109  14:12  Disruptor (Chrono Boost)  
  112  14:23  Probe x4  
  100  14:38  Disruptor (Chrono Boost)  
  96  14:50  Probe x3  
  70  15:02  Dark Templar x3  
  70  15:03  Dark Templar  
  70  15:05  Probe (Chrono Boost)  
  70  15:06  Probe x3 (Chrono Boost)  
  76  15:09  Dark Templar  
  78  15:18  Probe x2 (Chrono Boost)  
  78  15:19  Probe (Chrono Boost), Observer (Chrono Boost)  
  83  15:24  Probe (Chrono Boost)  
  83  15:25  Probe x2 (Chrono Boost)  
  86  15:32  Probe  
  86  15:34  Probe  
  84  15:39  Pylon  
  82  15:48  Sentry x3  
  82  15:49  Sentry  
  84  15:51  Zealot x2  
  82  15:59  Disruptor (Chrono Boost)  
  82  16:03  Archon  
  82  16:04  Archon  
  85  16:14  Probe  
  86  16:21  Stalker x3  
  86  16:22  Zealot  
  94  16:30  Disruptor (Chrono Boost), Zealot  
  94  16:47  Probe x2  
  94  16:48  Probe x2  
  94  16:49  Photon Cannon  
  94  16:53  Zealot  
  100  16:59  Probe  
  100  17:01  Carrier  
  92  17:03  Probe x3  
  95  17:11  Probe  
  102  17:16  Probe x2  
  102  17:20  Probe  
  102  17:21  Observer  
  105  17:32  Probe x3, Templar Archives  
  105  17:33  Probe  
  105  17:36  Disruptor (Chrono Boost)  
  112  17:45  Dark Templar  
  112  17:48  Dark Templar  
Tags
 
Add a new tag
Caveats
  • Supply blocks, unpowered buildings, or Contaminate may cause inaccurate times.
  • Supply counts are checked every 10 seconds.